 Dungeon Crawl Stone Soup version 0.31-a0-1309-gbf3fed316f (webtiles) character file.

Game seed: 6374650932553790209

304 James the Sneak (level 6, -4/28 HPs)
             Began as a Spriggan Enchanter on Dec 20, 2023.
             Was a Follower of Dithmenos.
             Slain by Grinder (9 damage)
             ... on level 3 of the Dungeon.
             The game lasted 00:17:52 (5331 turns).

James the Sneak (Spriggan Enchanter)                Turns: 5331, Time: 00:17:53

Health: -4/28      AC:  3    Str: 10    XL:     6   Next: 15%
Magic:  10/13      EV: 18    Int: 19    God:    Dithmenos [*.....]
Gold:   188        SH:  5    Dex: 15    Spells: 8/13 levels left

rFire   . . .        a - +2 dagger (elec)
rCold   . . .        (no shield)
rNeg    . . .        h - +1 robe
rPois   .            (helmet restricted)
rElec   .            (no cloak)
rCorr   +            (gloves unavailable)
SInv    +            (boots unavailable)
Will    +....        o - amulet of reflection
Stlth   ++++         g - +6 ring of strength
HPRegen 0.24/turn    s - ring of resist corrosion
MPRegen 0.13/turn

%: reflection
@: confusing by touch, wreathed by umbra, very quick
A: very small, no large weapons, unfitting armour, see invisible, speed 3
a: Renounce Religion


You were on level 3 of the Dungeon.
You worshipped Dithmenos.
Dithmenos was aware of your devotion.
You visited 2 branches of the dungeon, and saw 5 of its levels.

You collected 188 gold pieces.

Inventory:

Hand Weapons
 a - a +2 dagger of electrocution (weapon)
   (You took it off a kobold on level 4 of the Dungeon)
 b - a +1 dagger of venom
   (You took it off a goblin on level 2 of the Dungeon)
 n - a +1 dagger of speed
   (You took it off a goblin on level 4 of the Dungeon)
 p - a +0 trident
   (You found it on level 2 of the Dungeon)
 A - a +0 short sword
   (You took it off a kobold on level 1 of the Dungeon)
Missiles
 d - 37 stones (quivered)
 i - 5 poisoned darts
Armour
 h - a +1 robe (worn)
 r - a +0 robe
   (You found it on level 2 of the Dungeon)
 u - a +0 animal skin
   (You took it off Robin on level 4 of the Dungeon)
 y - a +0 robe
   (You found it on level 2 of the Dungeon)
Jewellery
 g - a +6 ring of strength (left hand)
   (You found it on level 1 of the Dungeon)
 o - an amulet of reflection (around neck)
   (You found it on level 1 of the Dungeon)
 s - a ring of resist corrosion (right hand)
   (You found it on level 2 of the Dungeon)
Scrolls
 k - a scroll of fear {unknown}
 l - a scroll of teleportation {@r4}
 m - a scroll of enchant armour
Potions
 c - 2 potions of invisibility
 e - 3 potions of mutation {!q}
 f - 2 potions of might {unknown}
 j - a potion of lignification {unknown}
 q - 5 potions of curing {@q1}
 t - a potion of heal wounds {unknown}
 w - a potion of attraction {unknown}
 x - a potion of enlightenment {unknown}


   Skills:
 + Level 0.0 Fighting
 * Level 4.2 Short Blades
 - Level 4.0 Dodging
 + Level 6.2 Stealth
 + Level 4.0 Spellcasting
 + Level 4.5 Hexes
 + Level 0.0 Ice Magic


You had 8 spell levels left.
You knew the following spells:

 Your Spells              Type           Power      Damage    Failure   Level
a - Confusing Touch       Hex            21%        N/A       6%          3
x - Ensorcelled Hibernat  Hex/Ice        24%        N/A       9%          2

Your spell library contained the following spells:

 Spells                   Type           Power      Damage    Failure   Level
 Tukima's Dance           Hex            21%        N/A       6%          3
 Dazzling Flash           Conj/Hex       24%        N/A       16%         3
 Passwall                 Tmut/Erth      2%         N/A       21%         2
 Swiftness                Air            3%         N/A       38%         3


Dungeon Overview and Level Annotations

Branches:
Dungeon (4/15)             Temple (1/1) D:4

Altars:
Ashenzari
Cheibriados
Dithmenos
Elyvilon
Fedhas
Gozag
Makhleb
Qazlal
Ru
Trog
Uskayaw
Wu Jian
Xom
Yredelemnul
Zin
The Shining One

Shops:
D:2 (   D:4 :

Annotations:
D:3 Grinder, Sigmund


Innate Abilities, Weirdness & Mutations

You are very small and have problems with some larger weapons.
You are too small for most types of armour.
You have supernaturally acute eyesight. (SInv)
You cover ground extremely quickly. (Speed+++)


Message History

You climb upwards.
Level annotation: Grinder, Sigmund
There is a stone staircase leading down here.
You hit the goblin. The goblin hits you with a +0 dagger.
You closely miss the goblin. The goblin closely misses you.
You closely miss the goblin. The goblin misses you.
You hit the goblin.
You kill the goblin!
Dithmenos accepts your kill.
No target in view!
No target in view!
A frilled lizard comes into view.
The helpless frilled lizard fails to defend itself.
You perforate the frilled lizard like a sieve!!!
Lightning courses through the frilled lizard!
You kill the frilled lizard!
Dithmenos accepts your kill.
No target in view!
No target in view!
You see here a frilled lizard corpse.
Found an escape hatch in the floor.
Unknown command.
Okay, then.
Unknown command.
Unknown command.
You open the door.
A goblin comes into view. It is wielding a +0 club.
There is an open door here.
The goblin shouts!
The goblin closely misses you.
You hit the goblin.
You kill the goblin!
Dithmenos accepts your kill.
No target in view!
Things that are here:
a +0 club; a goblin corpse
Things that are here:
a +0 club; a goblin corpse
There is an open door here.
Grinder is nearby!
You barely miss Grinder. Grinder barely misses you.
Your hands begin to glow red.
Grinder hits you.
You writhe in agony.
You barely miss Grinder. Grinder hits you!
* * * LOW HITPOINT WARNING * * *
You writhe in agony.
* * * LOW HITPOINT WARNING * * *
You closely miss Grinder. You closely miss Grinder. Grinder hits you!
You die...
Grinder says, "Now the real fun starts!"

#.....######...####.##.#
#............#..##..##.#
##....#########....###.#
#....# [...P....>.# #.#
###### ##..P.P##### #.#
#..._P... #.# #.P.P.P#.#
#.# #...5P(..# #.#
#.##@## #.#
#.##.#########.#
#..............#
####.########### ...#
#####


You could see Grinder.

Vanquished Creatures
  2 scorpions (D:4)
  A sleepcap (D:4)
  An iguana (D:4)
  Robin (D:4)
  An adder (D:4)
  2 worms
  2 dart slugs
  3 orcs
  4 bats
  4 endoplasms
  5 giant cockroaches
  17 goblins
  13 hobgoblins
  10 jackals
  5 quokkas
  8 ball pythons
  3 frilled lizards
  7 kobolds
  3 rats
92 creatures vanquished.

Notes
Turn   | Place    | Note
-------+----------+-------------------------------------------
     0 | D:1      | James the Spriggan Enchanter began the quest for the Orb.
     0 | D:1      | Reached XP level 1. HP: 9/9 MP: 5/5
   215 | D:1      | Reached XP level 2. HP: 11/13 MP: 6/6
   457 | D:1      | Learned a level 2 spell: Ensorcelled Hibernation
   637 | D:1      | Reached skill level 5 in Stealth
   640 | D:1      | Reached XP level 3. HP: 16/16 MP: 2/8
   707 | D:1      | Learned a level 3 spell: Confusing Touch
  1795 | D:2      | Found Suvi's Antique Weapon Shop.
  2879 | D:3      | Noticed Sigmund
  3004 | D:3      | Reached XP level 4. HP: 15/21 MP: 9/9
  3152 | D:3      | Noticed Robin
  3318 | D:3      | Found a blossoming altar of Fedhas.
  3323 | D:3      | Noticed Grinder
  3545 | D:4      | Found a shimmering altar of Xom.
  3549 | D:4      | Found a staircase to the Ecumenical Temple.
  3554 | D:4      | Noticed a scorpion
  3559 | Temple   | Entered the Ecumenical Temple
  3573 | Temple   | Became a worshipper of Dithmenos the Shadowed
  3585 | D:4      | Killed a scorpion
  3780 | D:4      | Noticed a scorpion
  3816 | D:4      | Killed a scorpion
  3817 | D:4      | Reached XP level 5. HP: 18/24 MP: 3/11
  4273 | D:4      | Reached skill level 6 in Stealth
  4273 | D:4      | Found a sacrificial altar of Ru.
  4275 | D:4      | Found a white marble altar of Elyvilon.
  4477 | D:4      | Found an ornate altar of the Wu Jian Council.
  4485 | D:4      | Found a stormy altar of Qazlal.
  4490 | D:4      | Found a burning altar of Makhleb.
  4493 | D:4      | Found a glowing silver altar of Zin.
  4494 | D:4      | Found a broken altar of Ashenzari.
  4523 | D:4      | Found Alonucsulae's Book Emporium.
  4774 | D:4      | Reached XP level 6. HP: 28/28 MP: 12/12
  4948 | D:4      | Reached * piety under Dithmenos
  5018 | D:4      | Killed Robin
  5331 | D:3      | Slain by Grinder

Illustrated notes

Levels and vault maps discovered:
D:1:      eino_arrival_water_cross, layout_basic, serial_forest,
          infiniplex_forest_side_room, infiniplex_forest_fountain,
          infiniplex_forest_fountain, infiniplex_forest_straight_1,
          infiniplex_forest_pool, infiniplex_forest_lined_2,
          infiniplex_forest_corner_1
D:2:      layout_basic, serial_shops, nicolae_shop_crystal
D:3:      layout_basic, fedhas_altar_3, minmay_misc_feat_rugged,
          skrybe_limestone_x, uniq_grinder, uniq_robin, uniq_sigmund
D:4:      layout_layer_cave, brannock_xom_greatest_gift,
          nicolae_overflow_hallway_of_the_gods, minmay_temple_entry_large_hall,
          serial_shops, shop
Temple:   nicolae_temple_ecumenical_triangle

Skill      XL: |  1  2  3  4  5  6 |
---------------+-------------------+-----
Dodging        | 3 4 |  4.0
Short Blades   | 2 3 4 |  4.2
Stealth        | 5 6 |  6.2
Spellcasting   | 3 4 |  4.0
Hexes          | 4 |  4.5

Action                     |  1- 3 |  4- 6 || total
---------------------------+-------+-------++-------
  Melee: Short sword       |    31 |       ||    31
         Dagger            |   617 |   106 ||   723
         Punch             |     9 |     1 ||    10
  Throw: Stone             |     1 |       ||     1
   Cast: Ensorcelled Hiber |    12 |    22 ||    34
         Confusing Touch   |       |     2 ||     2
    Use: Scroll            |       |     8 ||     8
   Stab: Sleeping          |    25 |    17 ||    42
         Confused          |       |     1 ||     1
 Armour: Robe              |    36 |    43 ||    79
  Dodge: Dodged            |   129 |    95 ||   224
  Block: Other             |    13 |    14 ||    27
         Reflection        |     1 |       ||     1

Table legend: (Time is in decaauts)
 A = Elapsed time spent in this place.
 B = Non-inter-level travel time spent in this place.
 C = Inter-level travel time spent in this place.
 D = Time resting spent in this place.
 E = Time spent auto-exploring this place.
 F = Levels seen in this place.
 G = Mean time per level.
                   A        B        C        D        E       F      G
               +--------+--------+--------+--------+--------+-----+--------+
         Total |   3823 |   3603 |    220 |    427 |   1754 |   5 |  764.6 |
       Dungeon |   3757 |   3537 |    220 |    380 |   1754 |   4 |  939.2 |
        Temple |     65 |     65 |      0 |     47 |      0 |   1 |   65.0 |
               +--------+--------+--------+--------+--------+-----+--------+

Top non-repeatable levels by time:
     D:1: 1192 daAuts
     D:4: 1070 daAuts
     D:2: 960 daAuts
     D:3: 533 daAuts
  Temple: 65 daAuts
